 Dungeon Crawl Stone Soup version 0.21-a0-521-g1cd18d1 (webtiles) character file.

40241 slep the Severer (level 13, -1/175 HPs)
             Began as a Minotaur Monk on Dec 5, 2017.
             Was the Champion of Okawaru.
             Slain by a hornet (10 damage)
             ... on level 6 of the Lair of Beasts on Dec 6, 2017.
             The game lasted 01:44:56 (15587 turns).

slep the Severer (Minotaur Monk)                   Turns: 15587, Time: 01:44:57

Health: -1/175     AC: 26    Str: 18    XL:     13   Next: 73%
Magic:  12/12      EV:  2    Int:  7    God:    Okawaru [******]
Gold:   977        SH:  2    Dex: 16    Spells: 12/12 levels left

rFire    . . .     SeeInvis .   a - +3 battleaxe
rCold    . . .     Gourm    .   (shield currently unavailable)
rNeg     + + +     Faith    .   (armour currently unavailable)
rPois    +         Spirit   .   (helmet currently unavailable)
rElec    .         Reflect  +   (cloak currently unavailable)
rCorr    .         Harm     .   (gloves currently unavailable)
MR       .....     NoTele   +   (boots currently unavailable)
Stlth    +++++.....             b - +2 amulet of reflection
HPRegen  0.39/turn              n - +6 ring of slaying
MPRegen  0.13/turn              w - ring of stealth

@: lethally poisoned (-1 -> -10), tree-form, drained
A: (retaliatory headbutt)
a: Heroism, Finesse, Renounce Religion


You were on level 6 of the Lair of Beasts.
You worshipped Okawaru.
Okawaru was exalted by your worship.
You were not hungry.
You were a tree.
You visited 3 branches of the dungeon, and saw 19 of its levels.
You also visited: Bailey.

You collected 1093 gold pieces.
You spent 116 gold pieces at shops.

Inventory:

Hand Weapons
 a - a +3 battleaxe (weapon)
 O - the +6 hand axe "Xamaygej" {chop, *Corrode Int+3 Stlth+}
   (You found it on level 2 of the Lair of Beasts)

   It inflicts extra damage upon your enemies.
   It affects your intelligence (+3).
   It may corrode you when you take damage.
   It makes you more stealthy.
 S - the +1 glaive of Hegrinou {flame, rN+ Str+3}
   (Okawaru gifted it to you on level 3 of the Lair of Beasts)

   It has been specially enchanted to burn those struck by it, causing extra
   injury to most foes and up to half again as much damage against particularly
   susceptible opponents.
   Big, fiery blades are also staple armaments of hydra-hunters.
   It affects your strength (+3).
   It protects you from negative energy.
 X - the +6 hunting sling "Orafaq" {freeze, MR+ Int+4 Dex+3}
   (You found it on level 7 of the Dungeon)

   It causes projectiles fired from it to freeze those they strike, causing
   extra injury to most foes and up to half again as much damage against
   particularly susceptible opponents.
   They can also slow down cold-blooded creatures.
   It affects your intelligence (+4).
   It affects your dexterity (+3).
   It affects your resistance to hostile enchantments.
Missiles
 q - 4 javelins (quivered)
 L - 11 stones
Armour
 e - a +1 pair of gloves of strength (melded)
 B - +0 acid dragon scales
 H - a +2 scale mail of poison resistance
 N - a +3 ring mail of fire resistance
 Y - a scarf of resistance (melded)
Jewellery
 b - a +2 amulet of reflection (around neck)
 n - a +6 ring of slaying (left branch)
 w - a ring of stealth (right branch)
Wands
 d - a wand of flame (46)
 g - a wand of acid (31)
 y - a wand of paralysis (13)
 J - a wand of digging (22)
 W - a wand of clouds (3)
 Z - a wand of enslavement (5)
Scrolls
 h - 4 scrolls of identify
 m - 5 scrolls of enchant weapon {unknown}
 t - a scroll of enchant armour
 u - 3 scrolls of amnesia {unknown}
 x - 4 scrolls of remove curse
 F - a scroll of acquirement
 I - 2 scrolls of blinking {unknown}
 Q - 2 scrolls of teleportation {unknown}
 R - 4 scrolls of immolation {unknown}
 T - a scroll of summoning {unknown}
Potions
 k - 2 potions of might
 l - 3 potions of curing
 o - 2 potions of haste
 r - a potion of berserk rage
 v - 3 potions of lignification
 C - a potion of mutation
 G - 6 potions of flight
 K - a potion of magic
 M - 2 potions of resistance {unknown}
 P - 4 potions of brilliance
 U - a potion of ambrosia {unknown}
Books
 D - a book of Cantrips

   Spells                             Type                      Level
   a - Confusing Touch                Hexes                        1
   b - Animate Skeleton               Necromancy                   1
   c - Summon Small Mammal            Summoning                    1
   d - Apportation                    Translocation                1
Miscellaneous
 A - a box of beasts
 V - a phial of floods
Comestibles
 c - 9 bread rations
 f - 10 royal jellies
 s - 39 fruits
 z - 6 meat rations


   Skills:
 + Level 11.9(10.5) Fighting
 + Level 17.8(16.5) Axes
 + Level 5.9(11.8) Polearms
 + Level 1.3(1.8) Slings
 + Level 3.6(2.6) Throwing
 + Level 10.4(9.0) Armour
 + Level 8.1(6.8) Dodging
 + Level 8.2(7.0) Stealth
 + Level 0.7(0.0) Evocations


You had 12 spell levels left.
You didn't know any spells.

Dungeon Overview and Level Annotations

Branches:
Dungeon (12/15)            Temple (1/1) D:4            Lair (6/6) D:11
  Snake (0/4) Lair:2        Slime (0/5) Lair:5          Orc (0/2) D:10
  Swamp: Lair:2-4    Shoals: Lair:2-4

Altars:
Ashenzari
Cheibriados
Dithmenos
Elyvilon
Fedhas
Gozag
Hepliaklqana
Kikubaaqudgha
Makhleb
Nemelex Xobeh
Okawaru
Qazlal
Ru
Sif Muna
Trog
Uskayaw
Vehumet
Wu Jian
Xom
Yredelemnul
Zin
The Shining One
Jiyva

Shops:
D:5 *   D:7 =   D:9 }*


Innate Abilities, Weirdness & Mutations

((You reflexively headbutt those who attack you in melee.))
((You have a pair of horns on your head.))
((Your skin changes colour to match your surroundings (Stealth+).))
((Your flesh is cold resistant. (rC+)))


Message History

The black mamba bites you but does no damage.
You feel better.
You feel yourself speed up.
The black mamba bites you but does no damage.
The hornet stings you but does no damage.
The black mamba bites you but does no damage.
The hornet stings you but does no damage.
The black mamba bites you.
* * * LOW HITPOINT WARNING * * *
You are lethally poisoned!
The black mamba poisons you!
You slash the black mamba!
The black mamba is heavily wounded.
You slash the crocodile! You hit the hornet but do no damage.
* * * LOW HITPOINT WARNING * * *
You feel sick. You block the hornet's attack.
The black mamba bites you but does no damage.
The crocodile bites you but does no damage.
The hornet stings you!
You die...

....#P##...# .#
##...$....###.#
#.......[.#..####
##...............
##...........†....
#........#....#.#.
##.....####..#####.
##....### #.## #.
#.y♣S.# #... ##
####Ft"#..# ..... #
##....#=##..[S.....
# #......## ......
#...†.### ......
....F...## ......
.##....## ..l...
....F. .... ....P..
#


You could see 2 black mambas, 3 blink frogs, a hornet and a crocodile.

Vanquished Creatures
  The ghost of Firecrotchwizard the Thaumaturge, a journeyman GnSk of Okawaru (Lair:6)
  A fire dragon (Lair:5)
  5 hydras
  4 two-headed ogres
  A centaur warrior (D:11)
  Urug (D:11)
  An orc knight (Bailey)
  A wolf spider (Lair:6)
  3 oklob plants
  A cyclops (D:11)
  12 elephants
  4 black mambas
  A guardian serpent (Lair:6)
  9 spiny frogs
  7 komodo dragons
  2 kobold demonologists (Bailey)
  8 blink frogs
  A troll (D:9)
  3 hippogriffs
  A redback (Lair:6)
  The ghost of mrwookie the Skirmisher, an amateur HOFi (D:4)
  14 yaks
  3 basilisks
  5 wyverns
  A steam dragon (Lair:3)
  2 vampire mosquitoes (D:12)
  A naga (Lair:2)
  An acid dragon (D:11)
  13 water moccasins
  11 porcupines
  4 ice beasts
  2 sky beasts
  3 black bears
  18 orc warriors
  A phantom (D:9)
  5 ogres
  3 wolves (Lair:3)
  10 centaurs
  10 crocodiles
  20 bullfrogs
  A big kobold (D:8)
  A wyvern zombie (D:11)
  3 scorpions
  12 killer bees
  13 wights
  10 electric eels
  4 howler monkeys
  A vampire bat (D:7)
  2 crimson imps
  4 jellies
  15 orc wizards
  A centaur zombie (D:8)
  5 hounds
  Crazy Yiuf (D:3)
  6 orc priests
  A quasit (D:9)
  A bullfrog skeleton (D:10)
  3 iguanas
  7 worker ants
  Ijyb (D:4)
  Natasha (thrice) (D:2)
  A killer bee zombie (D:8)
  A worker ant zombie (D:9)
  15 gnolls
  13 adders
  A shadow imp (D:10)
  2 oozes
  6 worms
  4 dart slugs
  9 leopard geckos
  68 orcs
  5 ball pythons
  6 bats
  3 bat skeletons (D:7)
  2 bat zombies (D:7)
  5 giant cockroaches
  9 goblins
  10 hobgoblins
  12 jackals
  8 kobolds
  3 quokkas
  9 frilled lizards
  A jackal zombie (D:5)
  A leopard gecko skeleton (D:4)
  A leopard gecko zombie (D:5)
  13 rats
  A fungus (Lair:5)
  2 plants
501 creatures vanquished.

Vanquished Creatures (others)
  An orc wizard (D:5)
  44 fungi
  40 plants
85 creatures vanquished.

Grand Total: 586 creatures vanquished

Notes
Turn   | Place    | Note
-------+----------+-------------------------------------------
     0 | D:1      | slep the Minotaur Monk began the quest for the Orb.
     0 | D:1      | Reached XP level 1. HP: 19/19 MP: 0/0
    40 | D:1      | Reached skill level 4 in Axes
    40 | D:1      | Reached XP level 2. HP: 17/27 MP: 1/1
   356 | D:1      | Reached XP level 3. HP: 10/33 MP: 2/2
  1140 | D:2      | Noticed Natasha
  1150 | D:2      | Killed Natasha
  1150 | D:2      | Reached skill level 1 in Armour
  1150 | D:2      | Reached XP level 4. HP: 29/40 MP: 3/3
  1159 | D:2      | Noticed Natasha
  1167 | D:2      | Killed Natasha
  1167 | D:2      | Reached skill level 5 in Axes
  1244 | D:2      | Noticed Natasha
  1249 | D:2      | Killed Natasha
  1249 | D:2      | Reached XP level 5. HP: 37/47 MP: 4/4
  1335 | D:2      | Reached XP level 6. HP: 40/53 MP: 5/5
  1353 | D:2      | Reached skill level 6 in Axes
  1847 | D:3      | Found a runed door.
  2084 | D:3      | Found a shimmering altar of Xom.
  2177 | D:3      | Noticed Crazy Yiuf
  2182 | D:3      | Killed Crazy Yiuf
  2229 | D:4      | Noticed an orc warrior
  2238 | D:4      | Reached XP level 7. HP: 54/60 MP: 6/6
  2241 | D:4      | Reached skill level 5 in Fighting
  2241 | D:4      | Reached skill level 7 in Axes
  2458 | D:4      | Found a staircase to the Ecumenical Temple.
  2458 | D:4      | Noticed mrwookie's ghost (amateur HOFi)
  2476 | Temple   | Entered the Ecumenical Temple
  2510 | Temple   | Became a worshipper of Warmaster Okawaru
  2510 | Temple   | Reached * piety under Okawaru
  2510 | Temple   | Reached ** piety under Okawaru
  2696 | D:4      | Killed mrwookie's ghost
  2696 | D:4      | Reached skill level 8 in Axes
  2761 | D:4      | Noticed Ijyb
  2767 | D:4      | Killed Ijyb
  3118 | D:5      | Entered Level 5 of the Dungeon
  3136 | D:5      | Reached XP level 8. HP: 62/69 MP: 7/7
  3140 | D:5      | Reached skill level 9 in Axes
  3142 | D:5      | Reached *** piety under Okawaru
  3181 | D:5      | Reached skill level 5 in Dodging
  3215 | D:5      | Reached skill level 5 in Armour
  3242 | D:5      | Found a stormy altar of Qazlal.
  3335 | D:5      | Noticed a hand axe
  3335 | D:5      | Found a hide-covered altar of Uskayaw.
  3335 | D:5      | Noticed a dagger
  3363 | D:5      | Found a shadowy altar of Dithmenos.
  3463 | D:5      | Reached skill level 10 in Axes
  3784 | D:5      | Found an opulent altar of Gozag.
  3900 | D:5      | Found Noescho's Assorted Antiques.
  3903 | D:5      | Bought a scroll labeled VERIMU FONWU for 20 gold pieces
  3903 | D:5      | Bought an orange potion for 18 gold pieces
  3903 | D:5      | Bought a metallic dark potion for 18 gold pieces
  3903 | D:5      | Bought a scroll labeled ITWUCA UBBUPH for 20 gold pieces
  3903 | D:5      | Bought a scroll labeled TAMUEN AFRIE for 20 gold pieces
  3903 | D:5      | Bought a scroll labeled ITWUCA UBBUPH for 20 gold pieces
  4002 | D:6      | Found a shattered altar of Ashenzari.
  4049 | D:6      | Reached **** piety under Okawaru
  4049 | D:6      | Reached XP level 9. HP: 54/78 MP: 8/8
  4120 | D:6      | Found a burning altar of Makhleb.
  4708 | D:7      | Found Soiggump's Jewellery Shop.
  4804 | D:7      | Reached skill level 11 in Axes
  4850 | D:7      | Found an ancient bone altar of Kikubaaqudgha.
  4986 | D:7      | Gained mutation: Your skin changes colour to match your surroundings (Stealth+). [mutagenic meat]
  4987 | D:7      | Gained mutation: Your flesh is cold resistant. (rC+) [mutagenic meat]
  4991 | D:7      | Got a steaming hunting sling
  5598 | D:8      | Found a snail-covered altar of Cheibriados.
  5604 | D:8      | Reached ***** piety under Okawaru
  5707 | D:8      | Reached skill level 12 in Axes
  5784 | D:8      | Reached XP level 10. HP: 64/86 MP: 9/9
  5798 | D:8      | Noticed a two-headed ogre
  6106 | D:8      | Identified the +6 hunting sling "Orafaq" {freeze, MR+ Int+4 Dex+3} (You found it on level 7 of the Dungeon)
  6133 | D:8      | Killed a two-headed ogre
  6133 | D:8      | Reached skill level 5 in Stealth
  6296 | D:9      | Found Pyenoq's Gadget Emporium.
  6300 | D:9      | Reached skill level 1 in Throwing
  6340 | D:9      | Received a gift from Okawaru
  6389 | D:9      | Found an ornate altar of the Wu Jian Council.
  6458 | D:9      | Noticed a two-headed ogre
  6471 | D:9      | Killed a two-headed ogre
  6471 | D:9      | Reached skill level 13 in Axes
  6522 | D:9      | Found a flagged portal.
  6535 | Bailey   | Entered a bailey
  6725 | Bailey   | Found an iron altar of Okawaru.
  7020 | Bailey   | Noticed an orc knight
  7029 | Bailey   | Killed an orc knight
  7029 | Bailey   | Reached XP level 11. HP: 45/95 MP: 10/10
  7339 | Bailey   | Reached skill level 14 in Axes
  7875 | D:9      | Found Zin's Purification Station.
  7875 | D:9      | Found a glowing silver altar of Zin.
  8068 | D:10     | Entered Level 10 of the Dungeon
  8159 | D:10     | Found a staircase to the Orcish Mines.
  8881 | D:10     | Noticed a two-headed ogre
  8889 | D:10     | Killed a two-headed ogre
  9109 | D:11     | Noticed Urug
  9119 | D:11     | Killed Urug
  9119 | D:11     | Received a gift from Okawaru
  9164 | D:11     | HP: 2/97 [electric eel/bolt of electricity (3)]
  9171 | D:11     | HP: 4/97 [electric eel/bolt of electricity (8)]
  9634 | D:11     | Noticed a two-headed ogre
  9643 | D:11     | Reached skill level 15 in Axes
 10010 | D:11     | Killed a two-headed ogre
 10124 | D:11     | Found a staircase to the Lair.
 10246 | D:11     | Noticed a centaur warrior
 10255 | D:11     | Killed a centaur warrior
 10259 | D:11     | Reached ****** piety under Okawaru
 10309 | D:11     | Reached XP level 12. HP: 87/106 MP: 11/11
 10707 | Lair:1   | Entered Level 1 of the Lair of Beasts
 10853 | Lair:1   | Noticed a five-headed hydra
 10858 | Lair:1   | Killed a seven-headed hydra
 10858 | Lair:1   | Received a gift from Okawaru
 11048 | Lair:1   | Noticed a seven-headed hydra
 11056 | Lair:1   | Killed a ten-headed hydra
 11056 | Lair:1   | Reached skill level 10 in Fighting
 11056 | Lair:1   | Reached skill level 16 in Axes
 11056 | Lair:1   | Reached skill level 1 in Polearms
 11694 | Lair:2   | Received a gift from Okawaru
 11710 | Lair:2   | Found a staircase to the Snake Pit.
 11747 | Lair:2   | Noticed a four-headed hydra
 11760 | Lair:2   | Killed an eight-headed hydra
 12145 | Lair:2   | Got a faintly glowing hand axe
 12148 | Lair:2   | Identified the +6 hand axe "Xamaygej" {chop, *Corrode Int+3 Stlth+} (You found it on level 2 of the Lair of Beasts)
 12734 | Lair:3   | Received a gift from Okawaru
 12743 | Lair:3   | Got an ancient glaive {god gift}
 12744 | Lair:3   | Identified the +1 glaive of Hegrinou {flame, rN+ Str+3} (Okawaru gifted it to you on level 3 of the Lair of Beasts)
 13316 | Lair:4   | Noticed a six-headed hydra
 13323 | Lair:4   | Killed a three-headed hydra
 13329 | Lair:4   | Reached XP level 13. HP: 46/115 MP: 12/12
 14071 | Lair:5   | Reached skill level 5 in Polearms
 14100 | Lair:5   | Received a gift from Okawaru
 14163 | Lair:5   | Found a viscous altar of Jiyva.
 14163 | Lair:5   | Found a staircase to the Slime Pits.
 14190 | Lair:5   | Reached skill level 17 in Axes
 14369 | Lair:5   | Noticed a fire dragon
 14564 | Lair:5   | Killed a fire dragon
 14593 | Lair:5   | Got a bone falchion
 14594 | Lair:5   | Identified the +4 falchion of Exhibitionism {distort, Str+4} (You found it on level 5 of the Lair of Beasts)
 14596 | Lair:5   | Got a sapphire short sword
 14597 | Lair:5   | Identified the +8 short sword of Lies {pierce, Str+3 Dex+4} (You found it on level 5 of the Lair of Beasts)
 15227 | Lair:6   | Entered Level 6 of the Lair of Beasts
 15334 | Lair:6   | Noticed Firecrotchwizard's ghost (journeyman GnSk)
 15386 | Lair:6   | Killed Firecrotchwizard's ghost
 15386 | Lair:6   | Reached skill level 10 in Armour
 15484 | Lair:6   | Reached skill level 1 in Slings
 15580 | Lair:6   | Received a gift from Okawaru
 15584 | Lair:6   | HP: 3/175 [hornet (9)]
 15587 | Lair:6   | Slain by a hornet

Vault maps used:
D:1:      eino_arrival_tree_alley
D:2:      uniq_natasha
D:3:      first_bread, tgw_xom, uniq_crazy_yiuf_cottage
D:4:      minmay_temple_entry_water_ring, guppyfry_early_orc_mine, uniq_ijyb
D:5:      lemuel_round_altar, lemuel_round_altar,
          nicolae_gozag_cash_rules_everything_around_me,
          dancing_weapons_uskayaw, serial_shops, kennysheep_mini_moat
D:6:      evilmike_ruin_ashenzari, makhleb_heckhound_becter, minmay_crossroads
D:7:      kennysheep_vampire_church, serial_shops, shop
D:8:      lemuel_doored_altar, blue_anna_alchemist
D:9:      zin_purify, overflow_temple_1_default, enter_bailey_2, serial_shops,
          nicolae_shop_stone
D:10:     hiddenorc2_lemuel
D:11:     grunt_lair_entry_orc_guard_hut, uniq_urug
Temple:   minmay_temple_bridge_abc
Lair:1:   dpeg_stationary_puzzle
Lair:2:   nicolae_swamp_entry_splash_gauntlet, guppyfry_snake_entry_garden,
          serial_bayou_pond_d, lemuel_another_geyser, minmay_lair_oklob_chamber
Lair:5:   dragon1_lemuel, slime_altar_1, infiniplex_staircase_pool,
          lemuel_fruit_fields
Lair:6:   hangedman_lair_caniforms_friends, hangedman_lair_tendril_chambers
Bailey:   bailey_axe_of_yendor_kennysheep, bailey

Skill      XL: |  1  2  3  4  5  6  7  8  9 10 11 12 13 |
---------------+----------------------------------------+-----
Axes           | 4 5 6 8 10 12 13 15 16 17 | 17.8
Fighting       | 4 5 6 7 8 9 10 11 | 11.9
Armour         | 1 2 3 4 5 6 7 8 9 10 | 10.4
Dodging        | 4 5 6 7 8 |  8.1
Stealth        | 2 4 5 6 7 8 |  8.2
Throwing       | 2 3 |  3.6
Polearms       | 4 5 |  5.9
Slings         | 1 |  1.3
Evocations     | |  0.7

Action                   |  1- 3 |  4- 6 |  7- 9 | 10-12 | 13-15 || total
-------------------------+-------+-------+-------+-------+-------++-------
Melee: Hand axe          |   105 |    28 |       |    30 |       ||   163
       Headbutt          |    12 |    13 |    15 |    70 |    33 ||   143
       Battleaxe         |       |    54 |   145 |   309 |   159 ||   667
       Halberd           |       |       |       |    26 |       ||    26
       Glaive            |       |       |       |    15 |    20 ||    35
 Fire: Blowgun           |       |       |       |    38 |       ||    38
       Hunting sling     |       |       |       |       |     4 ||     4
Throw: Throwing net      |       |       |       |     2 |       ||     2
       Javelin           |       |       |       |     5 |       ||     5
Evoke: Wand              |       |       |       |     2 |       ||     2
       Box of beasts     |       |       |       |     1 |       ||     1
  Use: Potion            |       |     1 |       |    12 |     5 ||    18
       Scroll            |       |       |       |    14 |     1 ||    15
 Stab: Sleeping          |     2 |     2 |     9 |    31 |     5 ||    49
       Distracted        |       |       |     1 |       |     2 ||     3
  Eat: Chunk             |     1 |     3 |    14 |    21 |     8 ||    47
       Fruit             |       |       |       |     1 |     1 ||     2
Armor: Robe              |     7 |       |       |       |       ||     7
       Leather armour    |    15 |     2 |       |       |       ||    17
       Ring mail         |       |    13 |    38 |    87 |    22 ||   160
       Plate armour      |       |       |       |     6 |       ||     6
       Acid dragon scale |       |       |       |     1 |       ||     1
       Chain mail        |       |       |       |       |    37 ||    37
       Skin              |       |       |       |       |    27 ||    27
Dodge: Dodged            |    62 |    59 |   106 |   227 |    83 ||   537
Block: Other             |       |       |       |       |     2 ||     2

Table legend:
 A = Spawn XP
 B = Non-spawn XP
 C = Spawn XP percentage of total XP
 D = Spawn monster count
 E = Non-spawn monster count
 F = Spawn count percentage of total count
 G = Total turns spent on level
                    A         B        C        D         E        F      G
               +---------+---------+-------+---------+---------+-------+---------
         Total |       0 |   57488 |   0.0 |       0 |     498 |   0.0 | 15587
               +---------+---------+-------+---------+---------+-------+---------
           D:1 |       0 |      58 |   0.0 |       0 |      31 |   0.0 |   783
           D:2 |       0 |     468 |   0.0 |       0 |      29 |   0.0 |   811
           D:3 |       0 |     156 |   0.0 |       0 |      29 |   0.0 |   629
           D:4 |       0 |     717 |   0.0 |       0 |      31 |   0.0 |   678
           D:5 |       0 |    1060 |   0.0 |       0 |      20 |   0.0 |   808
           D:6 |       0 |     840 |   0.0 |       0 |      28 |   0.0 |   780
           D:7 |       0 |     988 |   0.0 |       0 |      19 |   0.0 |   641
           D:8 |       0 |    2538 |   0.0 |       0 |      28 |   0.0 |   949
           D:9 |       0 |    2962 |   0.0 |       0 |      36 |   0.0 |   656
          D:10 |       0 |    2061 |   0.0 |       0 |      43 |   0.0 |   845
          D:11 |       0 |    6616 |   0.0 |       0 |      41 |   0.0 |  1488
          D:12 |       0 |     649 |   0.0 |       0 |       4 |   0.0 |   306
        Temple |       0 |       2 |   0.0 |       0 |       1 |   0.0 |   217
        Lair:1 |       0 |    4134 |   0.0 |       0 |      13 |   0.0 |   686
        Lair:2 |       0 |    6062 |   0.0 |       0 |      18 |   0.0 |  1005
        Lair:3 |       0 |    3162 |   0.0 |       0 |      14 |   0.0 |   790
        Lair:4 |       0 |    5068 |   0.0 |       0 |      19 |   0.0 |   873
        Lair:5 |       0 |   10125 |   0.0 |       0 |      31 |   0.0 |  1166
        Lair:6 |       0 |    6910 |   0.0 |       0 |      20 |   0.0 |   360
        Bailey |       0 |    2912 |   0.0 |       0 |      43 |   0.0 |  1116
               +---------+---------+-------+---------+---------+-------+---------
